 Dungeon Crawl Stone Soup version 0.18-b1-16-g289874d (webtiles) character file.

4046 otab the Basher (level 10, -13/178 HPs)
             Began as an Ogre Berserker on May 1, 2016.
             Was an Elder of Trog.
             Mangled by a white ugly thing (29 damage)
             ... on level 8 of the Dungeon.
             The game lasted 00:08:57 (8354 turns).

otab the Basher (Ogre Berserker)                    Turns: 8354, Time: 00:08:57

Health: -13/178    AC:  5    Str: 29    XL:     10   Next: 24%
Magic:  10/10      EV: 14    Int:  6    God:    Trog [****..]
Gold:   279        SH:  0    Dex: 12    Spells: 0 memorised, 9 levels left

rFire  . . .     SeeInvis .     a - +0 giant club
rCold  . . .     Gourm    .     b - +0 animal skin
rNeg   . . .     Faith    .     (shield currently unavailable)
rPois  .         Spirit   .     (helmet restricted)
rElec  .         Dismiss  .     y - +0 cloak
rCorr  +         Reflect  .     (gloves unavailable)
SustAt .         Harm     .     (boots unavailable)
MR     +....                    (no amulet)
Stlth  ..........               (no ring)
                                v - ring of resist corrosion

@: mighty, berserking, very quick, somewhat resistant to hostile enchantments,
extremely unstealthy
A: unfitting armour, icy blue scales 1, mutation resistance 1, robust 1, tough
skin 1
a: Berserk, Trog's Hand, Brothers in Arms, Burn Spellbooks, Renounce Religion


You were on level 8 of the Dungeon.
You worshipped Trog.
Trog was greatly pleased with you.
You were not hungry.

You visited 1 branch of the dungeon, and saw 8 of its levels.

You collected 279 gold pieces.

Inventory:

Hand Weapons
 a - a +0 giant club (weapon)
 z - a +2 mace of protection
Armour
 b - a +0 animal skin (worn)
 y - a +0 cloak (worn)
Jewellery
 v - a ring of resist corrosion (left hand)
Wands
 l - a wand of teleportation (3/9)
 A - a wand of polymorph (6/24)
Scrolls
 e - 4 scrolls of magic mapping {unknown}
 f - 3 scrolls of enchant armour {unknown}
 h - a scroll of fear {unknown}
 i - 2 scrolls of teleportation {unknown}
 j - 4 scrolls of noise {unknown}
 q - a scroll of fog {unknown}
 t - 2 scrolls of immolation {unknown}
 x - a scroll of remove curse {unknown}
 B - 2 scrolls of recharging {unknown}
 D - a scroll of identify
Potions
 d - a potion of agility
 g - 3 potions of curing
 k - 2 potions of heal wounds
 o - 2 potions of cure mutation
 p - a potion of magic
 u - a potion of ambrosia
 w - a potion of haste
 C - a potion of brilliance {unknown}
Comestibles
 c - 4 bread rations
 r - 4 meat rations


   Skills:
 + Level 9.7 Fighting
 * Level 12.1 Maces & Flails
 + Level 8.9 Dodging
 + Level 0.2 Evocations


You had 9 spell levels left.
You didn't know any spells.

Dungeon Overview and Level Annotations

Branches:
Dungeon (8/15)             Temple (0/1) D:4
   Lair: D:8-11

Altars:
Dithmenos
Pakellas
Qazlal
Sif Muna
Trog
Zin


Innate Abilities, Weirdness & Mutations

You are too large for most types of armour.
You have tough skin (AC +1).
You are partially covered in icy blue scales (AC +1).
You are somewhat resistant to further mutation.
You are robust (+10% HP).


Message History

The white ugly thing is moderately wounded.
The white ugly thing claws you. The white ugly thing freezes you!!
You barely miss the white ugly thing.
The white ugly thing is moderately wounded.
The white ugly thing claws you! The white ugly thing freezes you!!
* * * LOW HITPOINT WARNING * * *
You completely miss the white ugly thing.
The white ugly thing is moderately wounded.
You hit the white ugly thing.
The white ugly thing is moderately wounded.
The white ugly thing claws you.
* * * LOW HITPOINT WARNING * * *
The white ugly thing freezes you!!
* * * LOW HITPOINT WARNING * * *
You bludgeon the white ugly thing!!
The white ugly thing is severely wounded.
The white ugly thing claws you!
* * * LOW HITPOINT WARNING * * *
The white ugly thing freezes you!!
You die...

## #(## #..###
##[.[# ##)@#
.......(u#
...........
............#
%...........#
.#............
#...........##
#######......


You could see a white ugly thing.

Vanquished Creatures
  Erica (D:8)
  The ghost of Zleub the Blocker, a novice MiFi (D:5)
  Pikel (D:4)
  A deep elf mage (D:7)
  A troll (D:7)
  Sigmund (D:6)
  2 ice beasts (D:6)
  A slave (D:4)
  2 orc warriors
  An ogre (D:5)
  3 centaurs
  A gnoll sergeant (D:7)
  3 scorpions
  A crimson imp (D:5)
  A centaur zombie (D:5)
  5 orc priests
  2 hounds (D:5)
  Crazy Yiuf (D:4)
  A centaur skeleton (D:7)
  2 worker ants
  2 orc wizards
  A hound zombie (D:6)
  A worker ant zombie (D:6)
  5 gnolls (D:7)
  7 adders
  2 oozes
  An adder skeleton (D:7)
  A worm (D:4)
  3 dart slugs
  7 giant geckos
  12 orcs
  2 ball pythons (D:3)
  5 bats
  6 giant cockroaches
  7 goblins
  6 hobgoblins
  12 jackals
  4 quokkas
  A giant gecko skeleton (D:5)
  6 giant newts
  13 kobolds
  10 rats
146 creatures vanquished.

Vanquished Creatures (others)
  A slave (D:4)
  Menkaure (D:4)
  A gnoll (D:4)
  An adder (D:4)
  An ooze (D:4)
5 creatures vanquished.

Grand Total: 151 creatures vanquished

Notes
Turn   | Place    | Note
--------------------------------------------------------------
     0 | D:1      | otab the Ogre Berserker began the quest for the Orb.
     0 | D:1      | Reached XP level 1. HP: 24/24 MP: 1/1
   134 | D:1      | Reached XP level 2. HP: 32/32 MP: 2/2
   462 | D:1      | Reached ** piety under Trog
   462 | D:1      | Reached XP level 3. HP: 16/39 MP: 3/3
  1458 | D:2      | Reached XP level 4. HP: 45/49 MP: 4/4
  1477 | D:2      | Reached skill level 5 in Maces & Flails
  2727 | D:3      | Reached *** piety under Trog
  2833 | D:3      | Reached XP level 5. HP: 55/55 MP: 5/5
  2841 | D:3      | Reached skill level 5 in Fighting
  3545 | D:3      | Found a stormy altar of Qazlal.
  3545 | D:3      | Found an oddly glowing altar of Pakellas.
  3706 | D:4      | Noticed Crazy Yiuf
  3714 | D:4      | Killed Crazy Yiuf
  3970 | D:4      | Reached XP level 6. HP: 33/66 MP: 6/6
  4325 | D:4      | Noticed a slave
  4328 | D:4      | Noticed a slave
  4329 | D:4      | Noticed a slave
  4330 | D:4      | Noticed a slave
  4332 | D:4      | Noticed Pikel
  4339 | D:4      | Killed a slave
  4342 | D:4      | Noticed Menkaure
  4347 | D:4      | Killed Pikel
  4347 | D:4      | Reached skill level 6 in Maces & Flails
  4347 | D:4      | Reached XP level 7. HP: 76/76 MP: 7/7
  4353 | D:4      | Killed Menkaure
  4521 | D:4      | Found a staircase to the Ecumenical Temple.
  4639 | D:4      | Killed a freed slave
  4682 | D:5      | Entered Level 5 of the Dungeon
  5007 | D:5      | Noticed Zleub's ghost (novice MiFi)
  5012 | D:5      | Reached XP level 8. HP: 42/84 MP: 8/8
  5077 | D:5      | Killed Zleub's ghost
  5077 | D:5      | Reached skill level 8 in Maces & Flails
  6083 | D:6      | Noticed Sigmund
  6094 | D:6      | Killed Sigmund
  6094 | D:6      | Reached XP level 9. HP: 96/96 MP: 9/9
  6174 | D:6      | Reached **** piety under Trog
  6378 | D:6      | Reached skill level 9 in Maces & Flails
  6569 | D:6      | Gained mutation: You are robust (+10% HP). [potion of mutation]
  6569 | D:6      | Gained mutation: You are partially covered in icy blue scales (AC +1). [potion of mutation]
  6569 | D:6      | Gained mutation: You are somewhat resistant to further mutation. [potion of mutation]
  6633 | D:6      | Found a deep blue altar of Sif Muna.
  6797 | D:7      | Found a shadowy altar of Dithmenos.
  7372 | D:7      | Found a bloodstained altar of Trog.
  7590 | D:7      | Noticed a troll
  7598 | D:7      | Killed a troll
  7598 | D:7      | Reached skill level 10 in Maces & Flails
  7643 | D:7      | Found a glowing silver altar of Zin.
  7673 | D:7      | Noticed a deep elf mage
  7677 | D:7      | Killed a deep elf mage
  7980 | D:8      | Noticed Erica
  7986 | D:8      | Killed Erica
  7986 | D:8      | Reached skill level 11 in Maces & Flails
  7986 | D:8      | Reached XP level 10. HP: 117/119 MP: 10/10
  8142 | D:8      | Noticed a white ugly thing
  8260 | D:7      | Reached skill level 12 in Maces & Flails
  8354 | D:8      | Mangled by a white ugly thing

Skill      XL: |  1  2  3  4  5  6  7  8  9 10 |
---------------+-------------------------------+-----
Dodging        | 3 4 6 7 8 |  8.9
Maces & Flails | 5 6 8 11 12 | 12.1
Fighting       | 5 6 8 9 |  9.7
Evocations     | |  0.2

Action                   |  1- 3 |  4- 6 |  7- 9 | 10-12 || total
-------------------------+-------+-------+-------+-------++-------
Melee: Short sword       |   102 |   129 |       |       ||   231
       Mace              |    12 |    31 |    41 |       ||    84
       Giant club        |       |       |   151 |    21 ||   172
Invok: Berserk           |     1 |     2 |     8 |     1 ||    12
       Burn Spellbooks   |       |       |     2 |       ||     2
       Trog's Hand       |       |       |     2 |       ||     2
Evoke: Wand              |       |       |     3 |       ||     3
  Use: Potion            |       |       |     9 |     3 ||    12
       Scroll            |       |       |     5 |       ||     5
 Stab: Sleeping          |     1 |     1 |       |       ||     2
       Invisible         |       |       |       |     1 ||     1
  Eat: Chunk             |     2 |     7 |     7 |       ||    16
       Beef jerky        |       |     1 |     2 |       ||     3
       Meat ration       |       |     1 |       |     1 ||     2
       Pizza             |       |       |     2 |       ||     2
       Royal jelly       |       |       |     2 |       ||     2
Armor: Animal skin       |    41 |    37 |    33 |     3 ||   114
Dodge: Dodged            |    66 |    78 |   139 |    15 ||   298
